 Dungeon Crawl Stone Soup version 0.30.1-1-g62c8e00024 (webtiles) character file.

Game seed: 16775285493675266882

0 GeoRichter the Firebug (level 1, -3/13 HPs)
             Began as a Demonspawn Fire Elementalist on July 14, 2023.
             Slain by a gnoll
             ... wielding a +0 flail
              (8 damage)
             ... on level 1 of the Dungeon.
             The game lasted 00:00:16 (67 turns).

GeoRichter the Firebug (Demonspawn Fire Elementalist) Turns: 67, Time: 00:00:17

Health: -3/13      AC:  2    Str:  8    XL:     1   Next: 0%
Magic:  2/3        EV: 12    Int: 16    God:
Gold:   0          SH:  0    Dex: 13    Spells: 3/4 levels left

rFire   . . .        (no weapon)
rCold   . . .        (no shield)
rNeg    . . .        a - +0 robe
rPois   .            (no helmet)
rElec   .            (no cloak)
rCorr   .            (no gloves)
SInv    .            (no boots)
Will    .....        (no amulet)
Stlth   ++           (no ring)
HPRegen 0.22/turn    (no ring)
MPRegen 0.08/turn

%: no passive effects
@: very slightly contaminated
A: no striking features
a: no special abilities


You were on level 1 of the Dungeon.
You visited 1 branch of the dungeon, and saw 1 of its levels.

Inventory:

Armour
 a - a +0 robe (worn)
Scrolls
 c - a scroll of blinking {unknown}


   Skills:
 - Level 1.7 Dodging
 - Level 1.7 Stealth
 - Level 2.0 Spellcasting
 + Level 1.0 Conjurations
 * Level 2.6 Fire Magic


You had 3 spell levels left.
You knew the following spells:

 Your Spells              Type           Power      Damage    Failure   Level
a - Foxfire               Conj/Fire      28%        2x1d5     10%         1

Your spell library contained the following spells:

 Spells                   Type           Power      Damage    Failure   Level
 Scorch                   Fire           20%        2d6       11%         2
 Inner Flame              Hex/Fire       5%         N/A       34%         3
 Volatile Blastmotes      Fire/Tloc      10%        2d10      34%         3
 Flame Wave               Conj/Fire      7%         2d5       67%         4


Dungeon Overview and Level Annotations

Branches:
Dungeon (1/15) Zot: 5932

Altars:


Message History

Welcome, GeoRichter the Demonspawn Fire Elementalist.
The heart of this dungeon contains the fabulous artefact, the Orb of Zot.
Press ? for a list of commands and other information.
Found a staircase leading out of the dungeon.
You open the door.
There is an open door here.
As you open the door, it creaks loudly!
There is an open door here.
You open the door.
Found a scroll labelled MAELEV NIRPH.
There is an open door here.
c - a scroll labelled MAELEV NIRPH A rat comes into view.
A rat is nearby!
A rat is nearby!
A gnoll comes into view. It is wielding a +0 flail.
Found a scroll labelled PIKESIRYTU.
The gnoll shouts!
You conjure some foxfire!
The foxfire hits the rat but does no damage.
The foxfire hits the rat.
The rat is heavily wounded.
Casting: Foxfire (safe; 10% risk of failure)
Press: ? - help, Q - select action Dir - look around, f - activate You miscast Foxfire.
You are very lightly contaminated with residual magic.
Nothing appears to happen.
The rat barely misses you.
Casting: Foxfire (safe; 10% risk of failure)
Press: ? - help, Q - select action Dir - look around, f - activate You conjure some foxfire!
The rat barely misses you. The gnoll attacks as you move away!
The gnoll misses you.
Found a smoky orange potion.
The foxfire hits the gnoll but does no damage.
The foxfire hits the gnoll.
The gnoll is moderately wounded.
Magic courses through your body. The gnoll hits you with a +0 flail!
Ouch! That really hurt!
* * * LOW HITPOINT WARNING * * *
The rat barely misses you.
Casting: Foxfire (safe; 10% risk of failure)
Press: ? - help, Q - select action Dir - look around, f - activate You conjure some foxfire!
The gnoll hits you with a +0 flail!
Ouch! That really hurt!
You die...

##### .... ## ....
..... #..###..#.. ..
##..#.#.... !..?
..........
.....##v.#...#######+#
.......@g...##.......#
.....##vr..##.#######.
..#.....#.##.#'.....#
.....####.#.##.#####.##
..........#.#.##...##.#
.....###..#.#.#.###.#.#
..#.......#.#.#.'<#.#.#
.........#.#.#.###.###
.######..#.#.##.#.#..#


You could see a gnoll (ally target) and a rat.

Vanquished Creatures (others)
  4 foxfires (D:1)
4 creatures vanquished.

Notes
Turn   | Place    | Note
-------+----------+-------------------------------------------
     0 | D:1      | GeoRichter the Demonspawn Fire Elementalist began the quest
                  | for the Orb.
     0 | D:1      | Reached XP level 1. HP: 13/13 MP: 3/3
    67 | D:1      | Slain by a gnoll

Illustrated notes

Levels and vault maps discovered:
D:1:      evilmike_arrival_rings, layout_loops_ring, minmay_misc_feat_rows,
          minmay_heptomino_l4

Action                     || total
---------------------------++-------
   Cast: Foxfire           ||     3
    Use: Potion            ||     1
  Dodge: Dodged            ||     4
